AoeStats
← Kachuin

MegaRandom

507147271Analyzed
4v4 RM · 15d ago on Sep 16, 2026· 88m 58s· 8 players
Game mode
Random Map
Map size
Large (8 player)
Population
200
Speed
Normal
Resources
Standard
Victory
Conquest
Starting age
Dark Age
Ending age
Imperial Age
RankedLock teamsTeams togetherTeam positionsShared explorationLock speedFull tech treeHidden civsTurbo modeCheats
Victory
Defeat
🇺🇸 Sicilians · United States
741
+15
🇲🇽 Georgians · Mexico
704
+17
🇫🇷 Turks · France
684
+18
🇹🇷 Wei · Türkiye
671
+18
🇺🇸 Gurjaras · United States
772
-18
🇬🇧 Mongols · United Kingdom
772
-19
🇬🇧 Chinese · United Kingdom
772
-19
🇺🇸 Khmer · United States
590
-12
huntrixLoL
1:43 Loom
14:10 Feudal Age
18:37 Double-Bit Axe
18:34 Horse Collar
25:06 Gold Mining
25:06 Stone Mining
28:55 Castle Age
27:58 Fletching
29:09 Scale Mail Armor
33:48 Bow Saw
37:31 Chain Mail Armor
44:19 Imperial Age
45:50 Wheelbarrow
46:07 Gold Shaft Mining
45:35 Heavy Plow
48:02 Hand Cart
49:53 Town Watch
49:33 Elite Serjeant
50:50 Plate Mail Armor
50:32 Forging
52:09 Town Patrol
54:14 Conscription
54:21 Medium Warships
55:25 Stone Shaft Mining
55:41 Heavy Warships
54:40 Demolition Ship
62:34 Padded Archer Armor
62:30 Bodkin Arrow
62:39 Murder Holes
67:11 Chemistry
68:18 Iron Casting
67:49 Scale Barding Armor
68:01 Leather Archer Armor
67:46 Bracer
67:36 Cavalier
68:22 Husbandry
69:14 Bloodlines
71:16 Hauberk
71:51 First Crusade
84:18 Chain Barding Armor
84:59 Blast Furnace
eser
13:21 Feudal Age
13:52 Horse Collar
15:23 Double-Bit Axe
21:03 Castle Age
19:02 Stone Mining
19:05 Gold Mining
22:32 Bow Saw
29:01 Imperial Age
28:37 Heavy Plow
34:47 Crop Rotation
41:42 Tuntian
42:59 Elite Tiger Cavalry
57:42 Gold Shaft Mining
57:43 Stone Shaft Mining
63:38 Onager
69:45 Heated Shot
70:16 Ballistics
71:42 Arson
71:58 Squires
71:22 Man-at-Arms
75:37 Chemistry
74:06 Long Swordsman
75:08 Two-Handed Swordsman
75:54 Scale Mail Armor
76:05 Forging
76:26 Pikeman
78:38 Chain Mail Armor
79:48 Coinage
82:23 Iron Casting
84:22 Blast Furnace
83:11 Halberdier
SosoAllstar
11:38 Feudal Age
9:57 Loom
12:10 Double-Bit Axe
12:07 Horse Collar
21:20 Castle Age
22:48 Bow Saw
23:16 Bloodlines
24:26 Husbandry
24:55 Forging
25:08 Heavy Plow
26:41 Iron Casting
35:09 Imperial Age
35:16 Imperial Age
34:12 Wheelbarrow
34:40 Scale Barding Armor
35:47 Ballistics
35:22 Fletching
35:53 Chain Barding Armor
35:34 Padded Archer Armor
35:27 Fletching
36:25 Hand Cart
37:28 Bombard Tower
37:33 Leather Archer Armor
38:20 Blast Furnace
37:56 Plate Barding Armor
39:56 Bodkin Arrow
40:31 Ring Archer Armor
40:14 Thumb Ring
43:20 Bracer
42:47 Cavalier
43:26 Stone Mining
44:40 Two-Man Saw
46:32 Town Watch
50:43 Artillery
50:09 Elite Janissary
51:11 Conscription
70:43 Town Patrol
77:03 Hoardings
KcoasRaulMx
0:55 Loom
11:50 Feudal Age
13:41 Double-Bit Axe
13:39 Horse Collar
14:55 Gold Mining
15:30 Fishing Lines
21:28 Castle Age
19:35 Stone Mining
21:03 Scale Barding Armor
20:53 Fletching
21:50 Bloodlines
22:18 Forging
23:45 Caravan
24:12 Fervor
26:13 Stone Shaft Mining
26:28 Husbandry
27:11 Heavy Plow
27:20 Light Cavalry
29:28 Chain Barding Armor
30:33 Wheelbarrow
30:32 Treadmill Crane
30:36 Pikeman
31:16 Squires
31:40 Scale Mail Armor
33:25 Iron Casting
32:45 Town Watch
33:18 Svan Towers
34:06 Gambesons
35:34 Redemption
39:13 Imperial Age
38:40 Ballistics
38:24 Padded Archer Armor
39:43 Hand Cart
39:57 Bow Saw
39:20 Capped Ram
40:27 Aznauri Cavalry
40:45 Conscription
41:29 Chemistry
41:46 Plate Barding Armor
42:38 Cavalier
43:13 Elite Skirmisher
43:15 Siege Ram
44:40 Bodkin Arrow
47:28 Bracer
47:44 Leather Archer Armor
ALWJT
13:41 Feudal Age
21:18 Castle Age
19:26 Double-Bit Axe
19:24 Horse Collar
30:11 Imperial Age
Daddyroids
12:28 Feudal Age
12:58 Double-Bit Axe
12:56 Horse Collar
16:03 Gold Mining
16:07 Stone Mining
19:52 Castle Age
21:21 Bow Saw
21:15 Heavy Plow
Kachuin
14:59 Feudal Age
17:10 Wheelbarrow
16:19 Horse Collar
18:01 Double-Bit Axe
22:00 Castle Age
21:02 Forging
20:56 Padded Archer Armor
22:15 Fletching
24:02 Bow Saw
23:22 Crossbowman
24:05 Bodkin Arrow
24:15 Heavy Plow
24:54 Leather Archer Armor
24:46 Gold Mining
29:07 Stone Mining
30:52 Hand Cart
30:59 Thumb Ring
37:27 Imperial Age
37:26 Gold Shaft Mining
37:27 Stone Shaft Mining
39:10 Chemistry
38:34 Conscription
39:18 Rocketry
40:13 Ring Archer Armor
39:44 Bracer
41:14 Ballistics
41:35 Elite Chu Ko Nu
42:01 Arbalester
50:55 Two-Man Saw
73:52 Cavalier
77:11 Caravan
81:21 Bloodlines
81:12 Husbandry
87:33 Light Cavalry
Tsubodai
10:45 Loom
13:14 Feudal Age
16:30 Double-Bit Axe
16:27 Horse Collar
25:45 Castle Age
24:26 Forging
25:30 Bloodlines
25:29 Scale Barding Armor
27:36 Iron Casting
27:22 Chain Barding Armor
30:53 Fletching
31:04 Padded Archer Armor
35:57 Imperial Age
34:18 Bodkin Arrow
41:31 Elite Mangudai
43:26 Wheelbarrow
44:12 Bracer
44:28 Leather Archer Armor
45:11 Conscription
46:09 Chemistry
45:30 Ballistics
45:33 Fortified Wall
46:08 Masonry
46:10 Husbandry
57:50 Pikeman
66:40 Scale Mail Armor
69:01 Light Cavalry
72:14 Cavalier
78:43 Chain Mail Armor
84:29 Elite Skirmisher
Connection lost

Rejoining the realm…

Still unreachable

The connection could not be restored.

Session expired

The server has moved on; the page needs a fresh start.